 Dungeon Crawl Stone Soup version 0.31-a0-431-g88bdf31460 (webtiles) character file.

Game seed: 1715168172816325391

1495 randomguy2701 the Cleaver (level 8, -9/70 HPs)
             Began as a Minotaur Fighter on July 31, 2023.
             Was an Initiate of Okawaru.
             Mangled by an orc warrior
             ... wielding a +0 flail
              (10 damage)
             ... on level 6 of the Dungeon.
             The game lasted 00:06:48 (5416 turns).

randomguy2701 the Cleaver (Minotaur Fighter)        Turns: 5416, Time: 00:06:49

Health: -9/70      AC:  8    Str: 20    XL:     8   Next: 51%
Magic:  7/7        EV: 10    Int:  5    God:    Okawaru [......]
Gold:   227        SH:  0    Dex: 13    Spells: 7/7 levels left

rFire   . . .        B - +2 hand axe (elec)
rCold   . . .        c - +0 buckler
rNeg    . . .        b - +0 scale mail
rPois   .            (helmet restricted)
rElec   .            (no cloak)
rCorr   .            (no gloves)
SInv    .            (no boots)
Will    .....        (no amulet) Stlth
                     (no ring)
HPRegen 0.31/turn    (no ring)
MPRegen 0.10/turn

%: no passive effects
@: confused
A: horns 2, retaliatory headbutt
a: Renounce Religion


You were on level 6 of the Dungeon.
You worshipped Okawaru.
Okawaru was noncommittal.
You visited 2 branches of the dungeon, and saw 7 of its levels.

You collected 227 gold pieces.

Inventory:

Hand Weapons
 a - a +0 war axe
 u - a +0 heavy hand axe
 B - a +2 hand axe of electrocution (weapon)
Armour
 b - a +0 scale mail (worn)
 c - a +0 buckler (worn)
Jewellery
 g - a ring of ice
 l - the ring of Gymobomo {rF- rN+ rCorr Dex+5 Stlth+}
   (You found it on level 3 of the Dungeon)

   [ring of resist corrosion]

   Dex:       It affects your dexterity (+5).
   rF:        It makes you vulnerable to fire.
   rN:        It protects you from negative energy.
   rCorr:     It protects you from acid and corrosion.
   Stlth:     It makes you more stealthy.
 q - a ring of willpower
 C - the ring "Duedd" {rF- rC+++ rCorr Str-4 Dex+5}
   (You found it on level 5 of the Dungeon)

   [ring of resist corrosion]

   Str:       It affects your strength (-4).
   Dex:       It affects your dexterity (+5).
   rF:        It makes you vulnerable to fire.
   rC:        It renders you almost immune to cold.
   rCorr:     It protects you from acid and corrosion.
Wands
 r - a wand of digging (5)
 y - a wand of light (9)
Scrolls
 k - a scroll of silence {unknown}
 m - 2 scrolls of teleportation {unknown}
 n - 5 scrolls of fog {unknown}
 o - 3 scrolls of identify {unknown}
 p - a scroll of vulnerability {unknown}
 s - a scroll of noise {unknown}
 t - a scroll of blinking {unknown}
 v - 2 scrolls of fear {unknown}
 D - a scroll of poison {unknown}
 E - a scroll of immolation {unknown}
Potions
 d - 2 potions of might
 e - a potion of degeneration {unknown}
 f - 2 potions of heal wounds {unknown}
 h - a potion of ambrosia {unknown}
 i - 2 potions of curing {unknown}
 j - a potion of brilliance {unknown}
 w - a potion of enlightenment {unknown}
 x - a potion of resistance {unknown}
 z - a potion of lignification {unknown}
 A - a potion of haste {unknown}


   Skills:
 + Level 6.2 Fighting
 + Level 8.1 Axes
 + Level 8.0 Armour
 + Level 3.1 Dodging
 + Level 1.0 Stealth
 + Level 4.6 Shields


You had 7 spell levels left.
You didn't know any spells.
Your spell library contained the following spells:

 Spells                   Type           Power      Damage    Failure   Level
 Foxfire                  Conj/Fire      0%         2x1d4     86%         1
 Plasma Beam              Fire/Air       0%         2x1d10    100%        6
 Starburst                Conj/Fire      0%         6d3       100%        6


Dungeon Overview and Level Annotations

Branches:
Dungeon (6/15)             Temple (1/1) D:6

Altars:
Ashenzari
Cheibriados
Dithmenos
Fedhas
Gozag
Hepliaklqana
Kikubaaqudgha
Okawaru
Qazlal
Ru
Trog
Uskayaw
Vehumet
Wu Jian
Yredelemnul
The Shining One

Shops:
D:5 ?

Annotations:
D:3 1 runed translucent door, Crazy Yiuf


Innate Abilities, Weirdness & Mutations

You have a pair of horns on your head.
You reflexively headbutt those who attack you in melee.


Message History

The orc warrior is heavily wounded.
You barely miss something. Something hits you but does no damage.
The hobgoblin zombie closely misses you.
You hit the orc warrior.
The orc warrior is severely wounded.
You hit something. You hit the hobgoblin zombie.
Lightning courses through the hobgoblin zombie!
You destroy the hobgoblin zombie!
The orc warrior hits you with a +0 flail.
Something hits you but does no damage.
You closely miss the orc warrior. You headbutt the orc warrior.
The orc warrior is severely wounded.
You completely miss something.
The orc warrior hits you with a +0 flail!
Something hits you but does no damage.
The orc warrior attacks as you move away!
The orc warrior hits you with a +0 flail.
Something hits you but does no damage.
You closely miss the orc warrior. You headbutt the orc warrior.
The orc warrior is almost dead.
You completely miss something.
You hear some strange, mumbled words.
A magic dart appears from out of thin air!
The magic dart hits you!
The orc warrior hits you with a +0 flail!
* * * LOW HITPOINT WARNING * * *
You closely miss the orc warrior.
The orc warrior is almost dead.
You miss something.
The orc warrior hits you with a +0 flail.
* * * LOW HITPOINT WARNING * * *
Something hits you but does no damage.
The orc warrior hits you with a +0 flail!
* * * LOW HITPOINT WARNING * * *
Something hits you.
* * * LOW HITPOINT WARNING * * *
Something hits you but does no damage.
The orc warrior hits you with a +0 flail!
You die...

##'#########.#....
#........##..#....
#........#....#..#
#..........#...###
###)#####..##...)##
+.......##.......#.
#.......####....#..
#o......# ##.##...
#.@.....# #......
#........# ######.
#........# #.
#........# ##
#....###.# #..#..
.# #..##.. #..# #..


You could see an orc warrior.

Vanquished Creatures
  A steam dragon (D:5)
  An orc warrior (D:4)
  3 black bears
  An ogre (D:5)
  2 centaurs
  A howler monkey (D:6)
  2 orc priests
  A jelly (D:5)
  2 hounds (D:5)
  A sleepcap (D:5)
  4 iguanas (D:5)
  Natasha (thrice) (D:2)
  5 orc wizards
  5 adders
  6 gnolls (D:5)
  A white imp (D:5)
  An ufetubus (D:5)
  2 worms (D:3)
  A dart slug (D:5)
  16 orcs
  13 endoplasms
  2 giant cockroaches
  6 goblins
  7 hobgoblins
  11 jackals
  4 quokkas
  9 ball pythons
  6 bats
  6 frilled lizards
  A hobgoblin zombie (D:6)
  6 kobolds
  5 rats
135 creatures vanquished.

Notes
Turn   | Place    | Note
-------+----------+-------------------------------------------
     0 | D:1      | randomguy2701 the Minotaur Fighter began the quest for the
                  | Orb.
     0 | D:1      | Reached XP level 1. HP: 19/19 MP: 0/0
    87 | D:1      | Reached XP level 2. HP: 27/27 MP: 1/1
   413 | D:1      | Reached XP level 3. HP: 29/33 MP: 2/2
  1146 | D:2      | Noticed Natasha
  1155 | D:2      | Killed Natasha
  1156 | D:2      | Reached XP level 4. HP: 19/40 MP: 3/3
  1386 | D:2      | Identified the +11 mace "Buoqa" {holy, Will+}
  1426 | D:2      | Noticed Natasha
  1434 | D:2      | Killed Natasha
  1606 | D:2      | Noticed Natasha
  1623 | D:2      | Killed Natasha
  1679 | D:2      | Reached XP level 5. HP: 47/47 MP: 4/4
  1821 | D:3      | Found a sacrificial altar of Ru.
  1842 | D:3      | Identified the ring of Gymobomo {rF- rN+ rCorr Dex+5
                  | Stlth+}
  1868 | D:3      | Found a runed translucent door.
  1869 | D:3      | Noticed Crazy Yiuf
  1882 | D:3      | Reached skill level 5 in Armour
  1950 | D:3      | You fall into a shaft and drop 3 floors!
  1954 | D:6      | Found a staircase to the Ecumenical Temple.
  1961 | Temple   | Entered the Ecumenical Temple
  2011 | D:5      | Entered Level 5 of the Dungeon
  2114 | D:4      | Identified the +4 spear "Fatu Dyr" {flame, Int+3}
  2183 | D:4      | Noticed a black bear
  2192 | D:4      | Killed a black bear
  2193 | D:4      | Reached skill level 5 in Axes
  2193 | D:4      | Reached skill level 1 in Dodging
  2389 | D:4      | Reached XP level 6. HP: 47/53 MP: 5/5
  3267 | D:3      | Reached skill level 5 in Fighting
  3267 | D:3      | Reached XP level 7. HP: 40/61 MP: 6/6
  3940 | D:5      | Found Kirar's Magic Scroll Shop.
  4409 | D:5      | Noticed a steam dragon
  4415 | D:5      | Killed a steam dragon
  4451 | D:5      | Reached XP level 8. HP: 27/70 MP: 7/7
  5171 | D:5      | Identified the ring "Duedd" {rF- rC+++ rCorr Str-4 Dex+5}
  5294 | D:6      | Reached skill level 1 in Stealth
  5331 | D:6      | Found a radiant altar of Vehumet.
  5332 | D:6      | Found an iron altar of Okawaru.
  5361 | D:6      | Became a worshipper of Warmaster Okawaru
  5415 | D:6      | HP: 1/70 [something (4)]
  5416 | D:6      | Mangled by an orc warrior

Illustrated notes

Levels and vault maps discovered:
D:1:      mushboom_english_gardens, layout_basic
D:2:      layout_rooms, serial_co_window_serial, co_window_corner_a,
          co_window_corner_a, co_window_corner_a, co_window_of_opportunity_a,
          co_window_of_opportunity_a, co_window_of_opportunity_b,
          co_window_broadway_c, co_window_2corner, co_window_cross_3,
          co_window_paths_c, co_window_corner_ca, co_window_corner_b,
          glass_columns_b, glass_columns_c, glass_columns_c, uniq_natasha
D:3:      layout_basic, mainiacjoe_overflow_six_doors_small,
          uniq_crazy_yiuf_cottage
D:4:      layout_loops_cross, wad_orctagon
D:5:      minmay_clustersquares, layout_loops_ring, serial_shops, shop
D:6:      layout_basic, chequers_temple_overflow_statue_of_worship,
          minmay_temple_entry_arrows, nicolae_ossuary_entry_giza,
          nicolae_concentric_dashed_squares_mild, minmay_misc_feat_chi,
          nicolae_shop_sticking_my_neck_out
Temple:   nicolae_temple_bog_church

Skill      XL: |  1  2  3  4  5  6  7  8 |
---------------+-------------------------+-----
Armour         | 4 5 6 8 |  8.0
Fighting       | 4 5 6 |  6.2
Shields        | 4 |  4.6
Axes           | 3 4 5 6 7 8 |  8.1
Dodging        | 1 2 3 |  3.1
Stealth        | 1 |  1.0

Action                     |  1- 3 |  4- 6 |  7- 9 || total
---------------------------+-------+-------+-------++-------
  Melee: War axe           |    79 |   102 |    22 ||   203
         Headbutt          |    10 |    14 |    25 ||    49
         Hand axe          |       |       |   100 ||   100
 Armour: Scale mail        |    32 |    48 |    78 ||   158
  Dodge: Dodged            |    41 |    53 |    66 ||   160
  Block: Buckler           |    13 |    25 |    26 ||    64

Table legend: (Time is in decaauts)
 A = Elapsed time spent in this place.
 B = Non-inter-level travel time spent in this place.
 C = Inter-level travel time spent in this place.
 D = Time resting spent in this place.
 E = Time spent auto-exploring this place.
 F = Levels seen in this place.
 G = Mean time per level.
                   A        B        C        D        E       F      G
               +--------+--------+--------+--------+--------+-----+--------+
         Total |   5513 |   5276 |    237 |      0 |   4348 |   7 |  787.6 |
       Dungeon |   5471 |   5242 |    229 |      0 |   4348 |   6 |  911.8 |
        Temple |     42 |     34 |      8 |      0 |      0 |   1 |   42.0 |
               +--------+--------+--------+--------+--------+-----+--------+

Top non-repeatable levels by time:
     D:4: 1238 daAuts
     D:5: 1172 daAuts
     D:3: 1083 daAuts
     D:1: 927 daAuts
     D:2: 895 daAuts
     D:6: 154 daAuts
  Temple: 42 daAuts
